 Dungeon Crawl Stone Soup version 0.31-a0-1-g4198be8af4 (webtiles) character file.

Game seed: 10330287217898286921

90 Ahpoh the Shield-Bearer (level 4, 0/24 HPs)
             Began as a Vine Stalker Fighter on May 1, 2023.
             Succumbed to an orc wizard's poison
             ... on level 3 of the Dungeon.
             The game lasted 00:04:06 (1731 turns).

Ahpoh the Shield-Bearer (Vine Stalker Fighter)      Turns: 1731, Time: 00:04:06

Health: 0/24       AC: 11    Str: 18    XL:     4   Next: 56%
Magic:  5/5        EV:  7    Int:  8    God:
Gold:   88         SH:  5    Dex: 16    Spells: 3/3 levels left

rFire   . . .        a - +0 long sword (freeze)
rCold   . . .        c - +0 buckler
rNeg    . . .        l - +0 chain mail
rPois   .            (no helmet)
rElec   .            j - +0 cloak
rCorr   .            f - +0 pair of gloves
SInv    .            (no boots)
Will    .....        (no amulet) Stlth
                     (no ring)
HPRegen 1.04/turn    (no ring)
MPRegen 0.09/turn

%: guardian spirit
@: mighty, lethally poisoned (0 -> -5)
A: fangs 2, regeneration 1, magic shield, antimagic bite, no potion heal 2
a: no special abilities


You were on level 3 of the Dungeon.
You visited 1 branch of the dungeon, and saw 3 of its levels.

You collected 88 gold pieces.

Inventory:

Hand Weapons
 a - a +0 long sword of freezing (weapon)
Armour
 c - a +0 buckler (worn)
 f - a +0 pair of gloves (worn)
 j - a +0 cloak (worn)
 l - a +0 chain mail (worn)
Jewellery
 h - a ring of resist corrosion
Scrolls
 i - a scroll of amnesia {unknown}
 k - a scroll of fog {unknown}
Potions
 e - a potion of invisibility
 g - a potion of brilliance {unknown}


   Skills:
 + Level 3.1 Fighting
 + Level 2.7 Long Blades
 + Level 3.1 Armour
 + Level 3.1 Shields


You had 3 spell levels left.
You didn't know any spells.
Your spell library was empty.

Dungeon Overview and Level Annotations

Branches:
Dungeon (3/15)

Altars:


Innate Abilities, Weirdness & Mutations

You have extremely sharp teeth.
Your natural rate of healing is unusually fast.
When hurt, damage is shared between your health and your magic reserves.
Your bite disrupts and absorbs the magic of your enemies.
Potions cannot restore your health.


Message History

You feel very sick.
The orc wizard hits you but does no damage.
Items here: ))) †.
You barely miss the orc wizard. Your bite misses the orc wizard.
The orc wizard is heavily wounded.
* * * LOW HITPOINT WARNING * * *
You feel very sick. The orc wizard closely misses you.
You miss the orc wizard.
The orc wizard is heavily wounded.
* * * LOW HITPOINT WARNING * * *
You feel very sick.
The orc wizard hits you but does no damage.
You bump into the rock wall.
* * * LOW HITPOINT WARNING * * *
You feel sick. The orc wizard completely misses you.
You hit the orc wizard but do no damage.
Your bite misses the orc wizard.
The orc wizard is heavily wounded.
* * * LOW HITPOINT WARNING * * *
You feel sick.
The orc wizard hits you but does no damage.
You bump into the rock wall.
You feel less confused.
You feel sick. The orc wizard barely misses you.
You completely miss the orc wizard.
The orc wizard is heavily wounded.
* * * LOW HITPOINT WARNING * * *
You feel sick.
The orc wizard hits you but does no damage. x2
You feel very mighty all of a sudden.
You feel sick. The orc wizard completely misses you.
You barely miss the orc wizard.
The orc wizard is heavily wounded.
You feel sick.
The orc wizard hits you but does no damage.
You are lethally poisoned!
You hit the orc wizard. You freeze the orc wizard.
The orc wizard is almost dead.
You die...

####### #.....#
#.....# #.....#
......# #.....#
###o..$.# #..@#
#####.### #...#.#
#'#...# ##.#.###
##.[######
######........#
###...)...♣...>.#
.<..####........#


You could see an orc wizard (magic disrupted).

Vanquished Creatures
  An adder (D:2)
  4 gnolls (D:3)
  A worm (D:2)
  3 orcs (D:3)
  4 ball pythons
  6 endoplasms
  2 giant cockroaches
  2 hobgoblins
  A quokka (D:1)
  A frilled lizard (D:2)
  4 goblins
  6 kobolds
  4 rats
39 creatures vanquished.

Vanquished Creatures (others)
  A plant (D:1)
1 creature vanquished.

Grand Total: 40 creatures vanquished

Notes
Turn   | Place    | Note
-------+----------+-------------------------------------------
     0 | D:1      | Ahpoh the Vine Stalker Fighter began the quest for the Orb.
     0 | D:1      | Reached XP level 1. HP: 11/11 MP: 2/2
   221 | D:1      | Found a faded altar of an unknown god.
   601 | D:1      | Reached XP level 2. HP: 13/16 MP: 1/3
  1055 | D:2      | Reached XP level 3. HP: 13/19 MP: 4/4
  1674 | D:3      | Gained mutation: Your natural rate of healing is unusually
                  | fast. [Vine Stalker growth]
  1674 | D:3      | Reached XP level 4. HP: 22/24 MP: 5/5
  1728 | D:3      | HP: 1/24 [poisoned by an orc wizard]
  1731 | D:3      | Succumbed to an orc wizard's poison

Illustrated notes

Levels and vault maps discovered:
D:1:      dpeg_arrival_signposts, layout_basic, serial_bayou,
          serial_bayou_shore_b, serial_bayou_crossing, serial_bayou_lake_a,
          serial_bayou_ford_a, chequers_ecumenical_altar_twisty,
          minmay_tiny_reverse_x
D:2:      layout_loops_ring
D:3:      layout_rooms, wad_floor_pattern_untrapped, grunt_ministairs_14,
          nicolae_figureground_sparkle

Skill      XL: |  1  2  3 |
---------------+----------+-----
Shields        | 3 |  3.1
Fighting       | 3 |  3.1
Armour         | 3 |  3.1
Long Blades    | 2 |  2.7

Action                     |  1- 3 |  4- 6 || total
---------------------------+-------+-------++-------
  Melee: Long sword        |    72 |    21 ||    93
         Bite              |    11 |     5 ||    16
    Use: Scroll            |     4 |       ||     4
         Potion            |       |     2 ||     2
   Stab: Invisible         |       |     1 ||     1
 Armour: Scale mail        |    25 |     2 ||    27
         Chain mail        |       |    13 ||    13
  Dodge: Dodged            |    25 |     4 ||    29
  Block: Buckler           |    15 |     3 ||    18

Table legend: (Time is in decaauts)
 A = Elapsed time spent in this place.
 B = Non-inter-level travel time spent in this place.
 C = Inter-level travel time spent in this place.
 D = Time resting spent in this place.
 E = Time spent auto-exploring this place.
 F = Levels seen in this place.
 G = Mean time per level.
                   A        B        C        D        E       F      G
               +--------+--------+--------+--------+--------+-----+--------+
         Total |   1815 |   1758 |     57 |      0 |   1393 |   3 |  605.0 |
       Dungeon |   1815 |   1758 |     57 |      0 |   1393 |   3 |  605.0 |
               +--------+--------+--------+--------+--------+-----+--------+

Top non-repeatable levels by time:
     D:1: 1044 daAuts
     D:2: 687 daAuts
     D:3: 83 daAuts
